 Dungeon Crawl Stone Soup version 0.23.2-40-g277498a001 (webtiles) character file.

Game seed: 16119476869056633

54 DildoBatman the Conjurer (level 4, 0/30 HPs)
             Began as a Formicid Wizard on Sept 13, 2019.
             Slain by a worker ant (4 damage)
             ... on level 2 of the Dungeon.
             The game lasted 00:03:43 (1795 turns).

DildoBatman the Conjurer (Formicid Wizard)          Turns: 1795, Time: 00:03:44

Health: 0/30       AC:  4    Str: 12    XL:     4   Next: 12%
Magic:  7/17       EV: 12    Int: 18    God:
Gold:   93         SH:  6    Dex:  9    Spells: 2/9 levels left

rFire    . . .     SeeInvis +   w - +0 hunting sling
rCold    . . .     Gourm    .   (no shield)
rNeg     . . .     Faith    .   a - +0 robe
rPois    .         Spirit   .   (helmet unavailable)
rElec    .         Reflect  +   (no cloak)
rCorr    .         Harm     .   u - +0 pair of gloves (curse)
MR       .....                  i - +0 pair of boots
Stlth    ++........             t - +6 amulet of reflection
HPRegen  0.10/turn              e - ring of magical power
MPRegen  0.15/turn              r - ring of teleportation (curse)

@: lethally poisoned (0 -> -12)
A: permanent stasis, dig shafts and tunnels, four strong arms, antennae 3
a: Dig, Shaft Self


You were on level 2 of the Dungeon.
You were not hungry.

You visited 1 branch of the dungeon, and saw 2 of its levels.

You collected 93 gold pieces.

Inventory:

Hand Weapons
 b - a +0 club
 p - a +0 spear
 w - a +0 hunting sling (weapon)
Missiles
 d - 84 stones (quivered)
 n - 8 bolts
 o - 37 sling bullets
 s - 10 arrows
Armour
 a - a +0 robe (worn)
 i - a +0 pair of boots (worn)
 u - a cursed +0 pair of gloves (worn)
Jewellery
 e - a ring of magical power (left hand)
 r - a cursed ring of teleportation (right hand)
 t - a +6 amulet of reflection (around neck)
Scrolls
 c - 3 scrolls of identify {unknown}
 f - a scroll of teleportation {unknown}
 k - 2 scrolls of amnesia {unknown}
 x - a scroll of remove curse {unknown}
Potions
 g - a potion of haste {unknown}
 h - a potion of mutation {unknown}
 j - a potion of brilliance {unknown}
 m - a potion of flight {unknown}
 q - a potion of berserk rage {unknown}
Comestibles
 l - 3 chunks of flesh
 v - 4 rations


   Skills:
 - Level 1.7 Dodging
 - Level 2.4 Stealth
 - Level 3.2 Spellcasting
 * Level 3.3 Conjurations
   Level 1.0 Summonings
   Level 0.8 Translocations


You had 2 spell levels left.
You knew the following spells:

 Your Spells              Type           Power        Failure   Level  Hunger
a - Conjure Flame         Conj/Fire      #.......     24%         3    ###....
c - Magic Dart            Conj           ##..         4%          1    None
e - Mephitic Cloud        Conj/Pois/Air  #.......     30%         3    ###....

Your spell library contained the following spells:

 Spells                   Type           Power        Failure   Level  Hunger
 Call Imp                 Summ           #.......     16%         2    ##.....
 Slow                     Hex            #.......     24%         2    ##.....
 Blink                    Tloc           Unusable     N/A         2    N/A

Dungeon Overview and Level Annotations

Branches:
Dungeon (2/15)

Altars:

Annotations:
D:1 1 exclusion


Innate Abilities, Weirdness & Mutations

You cannot be hasted, slowed, berserked, paralysed or teleported.
You can dig through walls and to a lower floor.
Your four strong arms can wield two-handed weapons with a shield.
You have a pair of large antennae on your head. (SInv)


Message History

Confirm with . or Enter, or press ? or * to list all spells.
Aiming: Magic Dart (safe; 4% risk of failure)
Press: ? - help, Shift-Dir - straight line, f/p - worker ant
Aim: a worker ant (almost dead)
The magic dart hits the worker ant but does no damage.
The worker ant is almost dead.
The worker ant bites you.
You are lethally poisoned!
The worker ant poisons you!
Casting: Magic Dart (safe; 4% risk of failure)
Confirm with . or Enter, or press ? or * to list all spells.
Aiming: Magic Dart (safe; 4% risk of failure)
Press: ? - help, Shift-Dir - straight line, f/p - worker ant
Aim: a worker ant (almost dead)
The magic dart hits the worker ant but does no damage.
The worker ant is almost dead.
You feel sick.
The worker ant waves its antennae.
The worker ant bites you.
You die...

#..#####.##.##.###.# #.# #..###
#.##.##># #.# ##'## #....#
#.##.##.###.# ##...## ##.#.#
#.##......#.# ##.....# #
#...###.##........# ##.......
####...[...###.#.#...####>.......
'.......................'........
####..>#######.#.....####.)......
# ##..#######<.@...## ##.......
#.........####a### ##.....#
#.#...###.# #.# ##...## #.###.#
#.# #.# ##+## #.# #.# #.# .#
#.###.###.# .# #.........# .(
########.##### .. #.## #.#


You could see a worker ant.

Vanquished Creatures
  3 worms (D:2)
  2 dart slugs
  A leopard gecko (D:2)
  2 giant cockroaches (D:1)
  6 goblins
  2 hobgoblins
  2 jackals (D:1)
  6 bats
  8 frilled lizards
  4 kobolds
  7 rats (D:1)
43 creatures vanquished.

Notes
Turn   | Place    | Note
-------+----------+-------------------------------------------
     0 | D:1      | DildoBatman the Formicid Wizard began the quest for the
                  | Orb.
     0 | D:1      | Reached XP level 1. HP: 13/13 MP: 4/4
     4 | D:1      | Reached skill level 1 in Conjurations
   239 | D:1      | Reached XP level 2. HP: 6/19 MP: 6/6
   772 | D:1      | Reached XP level 3. HP: 24/24 MP: 7/7
   777 | D:1      | Learned a level 3 spell: Conjure Flame
   781 | D:1      | Learned a level 3 spell: Mephitic Cloud
  1507 | D:2      | Reached XP level 4. HP: 30/30 MP: 8/8
  1795 | D:2      | Slain by a worker ant

Skill      XL: |  1  2  3 |
---------------+----------+-----
Conjurations   | 1 2 3 |  3.3
Dodging        | |  1.7
Stealth        | |  2.4
Spellcasting   | |  3.2
Summonings     | |  1.0
Translocations | |  0.8

Action                   |  1- 3 |  4- 6 || total
-------------------------+-------+-------++-------
Melee: Club              |     5 |       ||     5
 Fire: Hunting sling     |       |     5 ||     5
 Cast: Magic Dart        |    99 |    26 ||   125
 Abil: Dig               |     3 |       ||     3
  Eat: Chunk             |     2 |     1 ||     3
Armor: Robe              |     5 |     4 ||     9
Dodge: Dodged            |    32 |     7 ||    39
Block: Other             |       |     2 ||     2
